 Dungeon Crawl Stone Soup version 0.25-a0-860-gf695395b5c (webtiles) character file.

Game seed: 16015982733288595531, levelgen mode: deterministic

94 kae the Digger (level 4, -2/27 HPs)
             Began as an Octopode Earth Elementalist on Apr 27, 2020.
             Slain by a centaur
             ... wielding a cursed -2 hand axe
              (5 damage)
             ... on level 3 of the Dungeon.
             The game lasted 00:02:41 (2837 turns).

kae the Digger (Octopode Earth Elementalist)        Turns: 2837, Time: 00:02:41

Health: -2/27      AC:  2    Str:  7    XL:     4   Next: 63%
Magic:  6/8        EV: 13    Int: 18    God:
Gold:   91         SH:  0    Dex: 12    Spells: 2/8 levels left

rFire    . . .     SeeInvis .   e - +2 whip (pain)
rCold    . . .     Gourm    .   (no shield)
rNeg     . . .     Faith    .   f - +1 hat
rPois    .         Spirit   .   (no amulet)
rElec    .         Reflect  .   (no ring)
rCorr    .         Harm     .   (no ring)
MR       .....                  (no ring)
Stlth    +++.......             (no ring)
HPRegen  0.09/turn              (no ring)
MPRegen  0.11/turn              (no ring)
                                (no ring)
                                (no ring)

@: stab
A: almost no armour, stealthy swim, amphibious, 8 rings, constrict 8, camouflage
1, gelatinous body 1
a: no special abilities


You were on level 3 of the Dungeon.
You were not hungry.

You visited 1 branch of the dungeon, and saw 3 of its levels.

You collected 91 gold pieces.

Inventory:

Hand Weapons
 e - a +2 whip of pain (weapon)
Missiles
 b - 41 stones (quivered)
Armour
 f - a +1 hat (worn)
Jewellery
 j - an uncursed ring of see invisible {unknown}
Wands
 g - a wand of acid (8)
Scrolls
 a - 2 scrolls of identify
 d - 3 scrolls of teleportation
Comestibles
 c - 6 rations
 h - a chunk of flesh


   Skills:
 - Level 2.0 Dodging
 + Level 4.0 Stealth
 + Level 2.7 Spellcasting
 - Level 1.0 Transmutations
 * Level 4.3 Earth Magic


You had 2 spell levels left.
You knew the following spells:

 Your Spells              Type           Power        Failure   Level  Hunger
a - Sandblast             Erth           ###...       3%          1    #......
b - Stone Arrow           Conj/Erth      ##....       21%         3    ###....
c - Passwall              Tmut/Erth      ##......     9%          2    ##.....

Your spell library contained the following spells:

 Spells                   Type           Power        Failure   Level  Hunger
 Petrify                  Tmut/Erth      ##......     50%         4    #####..
 Lee's Rapid Deconstruct  Erth           ###.......   63%         5    ######.


Dungeon Overview and Level Annotations

Branches:
Dungeon (3/15)

Altars:

Annotations:
D:2 Sigmund, Terence


Innate Abilities, Weirdness & Mutations

You cannot wear most types of armour.
You are very stealthy in the water. (Stealth+)
You are amphibious.
You can wear up to eight rings at the same time.
You can use your tentacles to constrict eight enemies at once.
Your skin changes colour to match your surroundings (Stealth+).
Your rubbery body absorbs attacks. (AC +1, EV +1)


Message History

Casting: Sandblast (safe; 3% risk of failure)
Confirm with . or Enter, or press ? or * to list all spells.
Aiming: Sandblast (safe; 3% risk of failure)
Press: ? - help, Shift-Dir - straight line, f - adder
Aim: an adder The blast of sand hits the adder!
You kill the adder!
Your Stealth skill increases to level 4!
b - 42 stones The centaur misses you.
Casting: Sandblast (safe; 3% risk of failure)
Confirm with . or Enter, or press ? or * to list all spells.
Aiming: Sandblast (safe; 3% risk of failure)
Press: ? - help, Shift-Dir - straight line, f - centaur
Aim: a centaur, wielding a -2 hand axe and quivering 17 arrows (moderately wounded)
The blast of sand hits the centaur.
The centaur is heavily wounded.
b - 41 stones The centaur hits you with a cursed -2 hand axe.
You die...

#......#..#
#......# .#
#......#
##....<#
###.#####
#.....# #.#.#.#
#.#...# #@(...#
......c.##..#
...............
##.......##.####
#.#.##### .. #
#. ### #


You could see a centaur.

Vanquished Creatures
  Natasha (D:2)
  2 adders
  2 dart slugs (D:1)
  2 leopard geckos
  An orc (D:3)
  5 bats
  6 giant cockroaches
  3 goblins
  5 hobgoblins
  A quokka (D:3)
  2 frilled lizards
  8 kobolds
  4 rats
42 creatures vanquished.

Notes
Turn   | Place    | Note
-------+----------+-------------------------------------------
     0 | D:1      | kae the Octopode Earth Elementalist began the quest for the
                  | Orb.
     0 | D:1      | Reached XP level 1. HP: 11/11 MP: 3/3
   595 | D:1      | Reached XP level 2. HP: 15/17 MP: 5/5
  1452 | D:2      | Reached XP level 3. HP: 21/21 MP: 6/6
  1678 | D:2      | Noticed Sigmund
  1882 | D:2      | Noticed Natasha
  2104 | D:2      | Noticed Terence
  2177 | D:1      | Learned a level 3 spell: Stone Arrow
  2180 | D:1      | Learned a level 2 spell: Passwall
  2245 | D:2      | Killed Natasha
  2245 | D:2      | Reached XP level 4. HP: 20/27 MP: 2/7
  2374 | D:3      | Noticed a centaur
  2837 | D:3      | Slain by a centaur

Levels and vault maps discovered:
D:1:      tarquinn_simple_flora_water_e, layout_basic
D:2:      layout_basic, nicolae_overflow_hidden_temple, uniq_sigmund,
          uniq_natasha, uniq_terence
D:3:      layout_basic, kennysheep_generic_room_8

Skill      XL: |  1  2  3  4 |
---------------+-------------+-----
Stealth        | 3 4 |  4.0
Earth Magic    | 4 |  4.3
Dodging        | |  2.0
Spellcasting   | |  2.7
Transmutations | |  1.0

Action                   |  1- 3 |  4- 6 || total
-------------------------+-------+-------++-------
Melee: Unarmed           |    85 |    13 ||    98
       Constrict         |    25 |     9 ||    34
       Tentacles         |    14 |     6 ||    20
       Whip              |       |    19 ||    19
 Cast: Sandblast         |     8 |     5 ||    13
  Use: Scroll            |     4 |       ||     4
       Potion            |     1 |     1 ||     2
 Stab: Sleeping          |     8 |       ||     8
  Eat: Chunk             |     4 |     2 ||     6
Armor: Skin              |    15 |     4 ||    19
Dodge: Dodged            |    86 |    30 ||   116

Table legend:
 A = Non-vault XP
 B = Vault XP
 C = Vault XP percentage of total XP
 D = Non-vault monster count
 E = Vault monster count
 F = Vault count percentage of total count
                 A         B        C        D         E       F
            +---------+---------+-------+---------+---------+-------
      Total |      99 |      36 |  26.7 |      41 |       1 |   2.4
            +---------+---------+-------+---------+---------+-------
        D:1 |      31 |       0 |   0.0 |      17 |       0 |   0.0
        D:2 |      28 |      36 |  56.2 |      10 |       1 |   9.1
        D:3 |      40 |       0 |   0.0 |      14 |       0 |   0.0
            +---------+---------+-------+---------+---------+-------
